 Dungeon Crawl Stone Soup version 0.25-a0-71-ge910a4a285 (webtiles) character file.

Game seed: 12037810051342580643, levelgen mode: deterministic

36583 ucvcxc the Thaumaturge (level 13, -10/74 HPs)
             Began as a Deep Elf Summoner on Nov 4, 2019.
             Was an Elder of Sif Muna.
             Mangled by an orc warrior
             ... wielding a +0 halberd
             ... led by an orc warlord
              (14 damage)
             ... on level 1 of the Orcish Mines.
             The game lasted 03:26:27 (13401 turns).

ucvcxc the Thaumaturge (Deep Elf Summoner)         Turns: 13401, Time: 03:26:27

Health: -10/74     AC: 13    Str:  7    XL:     13   Next: 53%
Magic:  8/31       EV: 17    Int: 24    God:    Sif Muna [****..]
Gold:   1565       SH:  5    Dex: 14    Spells: 6/37 levels left

rFire    . . .     SeeInvis .   y - +5 flail (protect)
rCold    + + .     Gourm    .   (no shield)
rNeg     . . .     Faith    .   S - +0 troll leather armour
rPois    +         Spirit   .   b - +1 helmet
rElec    .         Reflect  +   C - +0 cloak
rCorr    .         Harm     .   V - +0 pair of gloves {Dex+3}
MR       +....                  G - +2 pair of boots {Stlth+}
Stlth    ++++......             g - +5 amulet of reflection
HPRegen  0.62/turn              Z - ring of Jealousy {rPois rC++ Dex-4 Stlth+}
MPRegen  0.22/turn              p - ring of wizardry

@: no status effects
A: no striking features
a: Channel Magic, Forget Spell, Divine Exegesis, Renounce Religion


You were on level 1 of the Orcish Mines.
You worshipped Sif Muna.
Sif Muna was greatly pleased with you.
You were very hungry.

You visited 3 branches of the dungeon, and saw 17 of its levels.
You also visited: Bailey.

You collected 1565 gold pieces.

Inventory:

Hand Weapons
 y - a +5 flail of protection (weapon)
 M - the +5 mace of Cygurini {flame, Dex+3}
   (You found it on level 14 of the Dungeon)

   It has been specially enchanted to burn those struck by it, causing extra
   injury to most foes and up to half again as much damage against particularly
   susceptible opponents.
   It affects your dexterity (+3).
 O - a +1 demon trident of venom
 Y - the cursed +1 great sword of the Blessed Realm {venom, rElec rN++ Str-5, unknown}
   (You found it on level 15 of the Dungeon)

   It poisons the flesh of those it strikes.
   It affects your strength (-5).
   It insulates you from electricity.
   It greatly protects you from negative energy.
   It has a curse placed upon it.
Armour
 b - a +1 helmet (worn)
 j - +0 steam dragon scales
 q - a +2 leather armour of fire resistance
 C - a +0 cloak (worn)
 E - the +5 ring mail "Facret" {rC+}
   (You found it on level 6 of the Dungeon)

   It protects you from cold.
 G - a +2 pair of boots of stealth (worn)
 P - +0 acid dragon scales
 S - a +0 troll leather armour (worn)
 V - a +0 pair of gloves of dexterity (worn)
Magical Staves
 l - an uncursed staff of fire
 s - an uncursed staff of death
 w - an uncursed staff of air {unknown}
 U - an uncursed staff of summoning
Jewellery
 g - a +5 amulet of reflection (around neck)
 k - an uncursed ring of protection from fire
 n - a +1 ring of slaying
 p - a ring of wizardry (right hand)
 u - an uncursed ring of protection from cold
 D - the ring of Dojummej {Ice +Inv}
   (You found it on level 15 of the Dungeon)

   [ring of ice]

   It enhances your ice magic.
   It makes you vulnerable to fire.
   It protects you from cold.
   It lets you turn invisible.
 F - an uncursed ring of protection from fire
 Q - the ring "Ophoeben" {rN+ Stlth+}
   (You took it off a skeletal warrior on level 15 of the Dungeon)

   [ring of positive energy]

   It protects you from negative energy.
   It makes you more stealthy.
 R - the ring of Ocutuxtu {*Tele rN+}
   (You took it off an efreet on level 15 of the Dungeon)

   [ring of teleportation]

   It may teleport you next to monsters.
   It protects you from negative energy.
 W - a +1 ring of evasion
 Z - the ring of Jealousy (left hand) {rPois rC++ Dex-4 Stlth+}
   (You found it on level 15 of the Dungeon)

   [ring of poison resistance]

   It affects your dexterity (-4).
   It greatly protects you from cold.
   It protects you from poison.
   It makes you more stealthy.
Wands
 h - a wand of flame (23)
 x - a wand of polymorph (7)
 L - a wand of iceblast (16)
 T - a wand of disintegration (13)
Scrolls
 a - a scroll of fear
 e - 13 scrolls of identify
 f - a scroll of teleportation
 m - 4 scrolls of enchant weapon
 o - 6 scrolls of remove curse
 t - 3 scrolls of enchant armour
 N - a scroll of immolation
Potions
 d - 2 potions of berserk rage
 i - 3 potions of flight
 v - 4 potions of curing
 z - a potion of heal wounds
 A - 3 potions of lignification
 H - a potion of might
 X - a potion of ambrosia
Miscellaneous
 r - a box of beasts
 K - a fan of gales (inert)
Comestibles
 c - 18 rations


   Skills:
 + Level 5.9 Fighting
 - Level 2.4 Maces & Flails
 - Level 2.6 Polearms
 * Level 6.6 Armour
 + Level 9.0 Dodging
 - Level 2.4 Stealth
 * Level 12.5 Spellcasting
 - Level 8.5 Hexes
 * Level 11.2 Summonings
 - Level 6.2 Ice Magic
 - Level 6.5 Air Magic
 * Level 7.6 Invocations
 + Level 4.7 Evocations


You had 6 spell levels left.
You knew the following spells:

 Your Spells              Type           Power        Failure   Level  Hunger
a - Summon Small Mammal   Summ           ####         1%          1    None
b - Summon Ice Beast      Ice/Summ       ######..     1%          4    None
c - Call Canine Familiar  Summ           ######..     1%          3    None
d - Regeneration          Chrm/Necr      ###.......   7%          3    None
e - Summon Lightning Spi  Summ/Air       ######..     1%          4    None
f - Summon Forest         Summ/Tloc      #####.....   6%          5    ###....
g - Summon Guardian Gole  Hex/Summ       ######..     1%          3    None
i - Call Imp              Summ           ######..     1%          2    None
s - Shadow Creatures      Summ           N/A          3%          6    #####..

Your spell library contained the following spells:

 Spells                   Type           Power        Failure   Level  Hunger
 Confusing Touch          Hex            ######       1%          1    None
 Freeze                   Ice            ####         1%          1    None
 Ensorcelled Hibernation  Hex/Ice        ######       1%          2    None
 Throw Frost              Conj/Ice       ####..       1%          2    None
 Confuse                  Hex            ######..     1%          3    None
 Ozocubu's Armour         Chrm/Ice       ####....     1%          3    None
 Animate Skeleton         Necr           N/A          2%          1    None
 Pain                     Necr           ###.         2%          1    None
 Corpse Rot               Necr           N/A          3%          2    None
 Metabolic Englaciation   Hex/Ice        ######....   3%          5    ###....
 Silence                  Hex/Air        ######....   3%          5    ###....
 Leda's Liquefaction      Hex/Erth       #####.....   4%          4    None
 Throw Icicle             Conj/Ice       ####....     6%          4    None
 Gell's Gravitas          Tloc           ###.......   7%          3    None
 Stone Arrow              Conj/Erth      ###...       7%          3    None
 Vampiric Draining        Necr           ###.......   7%          3    None
 Darkness                 Hex            ######....   11%         6    #####..
 Yara's Violent Unravell  Hex/Tmut       #####.....   12%         5    ###....
 Animate Dead             Necr           N/A          22%         4    None
 Petrify                  Tmut/Erth      ###.....     22%         4    None
 Alistair's Intoxication  Tmut/Pois      ###.....     52%         5    ###....
 Bolt of Magma            Conj/Fire/Erth ###.......   52%         5    ###....
 Borgnjor's Vile Clutch   Necr/Erth      ###.......   52%         5    ###....
 Lee's Rapid Deconstruct  Erth           ###.......   52%         5    ###....
 Hydra Form               Tmut           ###.......   96%         6    #####..
 Iron Shot                Conj/Erth      ###.......   96%         6    #####..
 Summon Hydra             Summ           ######....   19%         7    ######.


Dungeon Overview and Level Annotations

Branches:
Dungeon (15/15)            Temple (1/1) D:7             Orc (1/2) D:9
 Vaults (0/5) D:13         Depths (0/5) D:15         Bailey (visited)
   Lair: D:8-11

Altars:
Ashenzari
Cheibriados
Dithmenos
Elyvilon
Fedhas
Gozag
Makhleb
Nemelex Xobeh
Okawaru
Qazlal
Ru
Sif Muna
Trog
Xom
Yredelemnul
Zin
The Shining One

Shops:
D:15 *%=

Annotations:
D:5 Prince Ribbit
Orc:1 Harold, Snorg


Message History

Wisps of shadow whirl around you...
An orc wizard comes into view. It is wielding a +0 dagger.
You block the orc warrior's attack.
The orc wizard hits your ogre but does no damage.
Your ogre barely misses the orc wizard.
Casting: Shadow Creatures (safe; 3% risk of failure)
Confirm with . or Enter, or press ? or * to list all spells.
Wisps of shadow whirl around you...
You are feeling very hungry.
Something hits your orc but does no damage.
Your orc looks slightly unstable.
Something hits your orc but does no damage.
Your orc blinks!
The orc wizard barely misses you.
The orc warrior hits you from afar with a +1 halberd of protection!!!
* * * LOW HITPOINT WARNING * * *
The orc wizard gestures at you while chanting.
Your ogre resists with some effort.
The orc warrior hits you from afar with a +0 halberd!
You die...

## ....# ##♣
.....###o#♣
....#.♣O@o#
..♣...o#o##
..##....§ooo♣#
...#..#.oo§T§####
........§§o§o♣..#
........o§o§oR...#
.....>..oooo....##
.....≈.T.o).....#
.....≈....).....#


You could see an orc warlord, a troll, 2 orc warriors, 2 orc wizards, an orc, a
friendly orc sorcerer, a friendly orc warrior, a friendly ogre and a friendly
orc.

Vanquished Creatures
  A two-headed ogre (D:13)
  A skeletal warrior (D:14)
  A deep elf mage (D:15)
  A centaur zombie (D:12)
  A centaur skeleton (D:11)
  A yak (D:12)
  3 centaurs
  2 bullfrogs
  A bullfrog zombie (D:10)
  2 hounds
  An orc priest (Orc:1)
  2 worker ants
  An orc wizard (D:11)
  An adder (D:6)
  An adder skeleton (D:7)
  A worm (D:2)
  4 orcs
  A quokka (D:7)
  2 bats (D:2)
  A frilled lizard (D:2)
  A goblin (D:2)
  A rat (D:2)
31 creatures vanquished.

Vanquished Creatures (collateral kills)
  Kirke (D:14)
  Louise (D:14)
  An ironheart preserver (D:13)
  Azrael (D:12)
  Josephine (D:12)
  A fire dragon (D:15)
  2 yaktaur captains (D:15)
  3 rakshasas (D:15)
  4 vault guards (D:15)
  Erica (D:10)
  A catoblepas (D:13)
  4 two-headed ogres
  A death knight (D:15)
  3 centaur warriors
  A deep troll shaman (D:15)
  A deep troll earth mage (D:15)
  An unseen horror (D:15)
  13 skeletal warriors
  4 orc knights (Bailey)
  4 deep elf magi
  4 cyclopes (D:15)
  5 slime creatures
  8 ugly things
  2 manticores
  2 guardian serpents (D:15)
  2 gargoyles
  5 centaur skeletons
  2 komodo dragons
  4 kobold demonologists
  2 efreet (D:15)
  2 freezing wraiths
  A meliai (D:15)
  3 trolls
  A queen bee (D:10)
  A harpy skeleton (D:14)
  2 hornets
  A blink frog (shapeshifter) (D:15)
  3 hippogriffs
  A meliai zombie (D:14)
  A centaur simulacrum (D:15)
  2 shadows (D:12)
  A spriggan (D:15)
  6 wraiths
  A tarantella (shapeshifter) (D:15)
  A wyvern (D:13)
  17 yaks
  A steam dragon (D:11)
  A basilisk (D:14)
  6 hogs (D:14)
  5 fire elementals (D:12)
  4 hungry ghosts
  5 vampire mosquitoes
  Edmund (D:4)
  2 insubstantial wisps (D:11)
  2 acid dragons
  A water moccasin (D:7)
  2 wargs (Orc:1)
  2 soldier ants
  2 hell hounds
  2 floating eyes (D:15)
  16 orc warriors
  6 ice beasts
  A necrophage (D:12)
  4 sky beasts
  2 phantoms (D:14)
  4 ogres
  A crocodile (D:7)
  9 centaurs
  3 big kobolds
  8 bullfrogs
  4 wyvern skeletons
  6 scorpions
  33 killer bees (D:10)
  2 howler monkeys
  8 crimson imps
  2 bullfrog zombies
  2 jellies
  A quasit (D:14)
  5 centaur zombies
  5 orc priests
  2 gnoll shamans
  A bullfrog skeleton (D:7)
  6 hounds
  An iguana (D:10)
  16 orc wizards
  8 worker ants
  A worker ant zombie (D:10)
  13 gnolls
  A howler monkey skeleton (D:11)
  10 adders
  2 shadow imps (D:6)
  An adder zombie (D:5)
  2 adder skeletons
  A worm (D:5)
  A dart slug (D:3)
  2 leopard geckos
  75 orcs
  4 giant cockroaches
  9 goblins
  3 hobgoblins
  3 jackals (D:1)
  14 kobolds
  2 quokkas
  3 bats
  6 frilled lizards
  A jackal skeleton (D:8)
  2 rats (D:1)
477 creatures vanquished.

Vanquished Creatures (others)
  2 frost giants (D:15)
  A deep troll shaman (D:15)
  2 skeletal warriors (D:12)
  A yak (D:12)
  A human (D:14)
  An orc warrior (D:11)
  2 eyes of draining (D:6)
  3 orcs
  A kobold (D:1)
  3 snaplasher vines
17 creatures vanquished.

Grand Total: 525 creatures vanquished

Notes
Turn   | Place    | Note
-------+----------+-------------------------------------------
     0 | D:1      | ucvcxc the Deep Elf Summoner began the quest for the Orb.
     0 | D:1      | Reached XP level 1. HP: 10/10 MP: 6/6
   370 | D:1      | Reached XP level 2. HP: 15/15 MP: 5/8
   469 | D:1      | Learned a level 2 spell: Call Imp
   756 | D:2      | Found an iron altar of Okawaru.
  1076 | D:2      | Reached XP level 3. HP: 20/20 MP: 10/10
  1093 | D:2      | Learned a level 3 spell: Call Canine Familiar
  1101 | D:2      | Found a glowing golden altar of the Shining One.
  1266 | D:3      | Reached skill level 1 in Fighting
  1266 | D:3      | Reached skill level 5 in Summonings
  1266 | D:3      | Reached XP level 4. HP: 25/25 MP: 7/11
  1271 | D:3      | Learned a level 3 spell: Summon Guardian Golem
  1422 | D:2      | Reached skill level 4 in Spellcasting
  1434 | D:2      | You fall into a shaft and drop 2 floors!
  1488 | D:4      | Noticed Edmund
  1521 | D:4      | Killed Edmund
  1521 | D:4      | Reached skill level 1 in Polearms
  1521 | D:4      | Reached XP level 5. HP: 29/29 MP: 7/13
  1576 | D:5      | Entered Level 5 of the Dungeon
  1871 | D:4      | Found a blossoming altar of Fedhas.
  2045 | D:5      | Learned a level 4 spell: Summon Lightning Spire
  2147 | D:5      | Noticed a centaur
  2161 | D:5      | Noticed Prince Ribbit
  2218 | D:6      | Reached XP level 6. HP: 22/35 MP: 8/15
  2228 | D:6      | Noticed a sky beast
  2412 | D:6      | Reached skill level 5 in Spellcasting
  2614 | D:6      | Killed a sky beast
  2665 | D:6      | Noticed an orc warrior
  2667 | D:6      | Found a sacrificial altar of Ru.
  2684 | D:6      | Got a shimmering ring mail
  2870 | D:6      | Reached XP level 7. HP: 31/40 MP: 0/17
  3256 | D:6      | Found a bloodstained altar of Trog.
  3276 | D:6      | Reached skill level 5 in Dodging
  3276 | D:6      | Reached skill level 6 in Spellcasting
  3647 | D:7      | Found a staircase to the Ecumenical Temple.
  3657 | Temple   | Entered the Ecumenical Temple
  3687 | Temple   | Became a worshipper of Sif Muna the Loreminder
  3702 | Temple   | Learned a level 4 spell: Summon Ice Beast
  3765 | D:7      | Reached XP level 8. HP: 46/46 MP: 10/19
  3777 | D:7      | Reached skill level 1 in Hexes
  3877 | D:7      | Reached skill level 1 in Air Magic
  3997 | D:7      | Noticed a troll
  4052 | D:7      | Killed a troll
  4052 | D:7      | Reached skill level 1 in Maces & Flails
  4062 | D:7      | Reached * piety under Sif Muna
  4095 | D:7      | Reached skill level 7 in Spellcasting
  4278 | D:8      | Noticed a hippogriff
  4283 | D:8      | Killed a hippogriff
  4341 | D:8      | Found a stormy altar of Qazlal.
  4638 | D:9      | Noticed a hippogriff
  4646 | D:9      | Killed a hippogriff
  4682 | D:10     | Entered Level 10 of the Dungeon
  4793 | D:10     | Reached XP level 9. HP: 51/51 MP: 9/22
  4809 | D:10     | Identified the +5 ring mail "Facret" {rC+} (You found it on
                  | level 6 of the Dungeon)
  4993 | D:11     | Noticed a purple ugly thing
  5015 | D:11     | Reached ** piety under Sif Muna
  5026 | D:11     | Reached skill level 1 in Ice Magic
  5114 | D:11     | Reached skill level 1 in Armour
  5235 | D:11     | Reached skill level 8 in Spellcasting
  5517 | D:11     | Found a flagged portal.
  5541 | Bailey   | Entered a bailey
  5589 | Bailey   | Reached *** piety under Sif Muna
  5727 | Bailey   | Reached skill level 5 in Hexes
  5860 | Bailey   | Noticed an orc knight
  5861 | Bailey   | Noticed an orc knight
  5937 | Bailey   | Killed an orc knight
  6031 | Bailey   | Noticed an orc knight
  6046 | Bailey   | Killed an orc knight
  6087 | Bailey   | Killed an orc knight
  6087 | Bailey   | Reached XP level 10. HP: 56/56 MP: 4/24
  6224 | Bailey   | Noticed an orc knight
  6239 | Bailey   | Killed an orc knight
  6340 | D:11     | Killed a purple ugly thing
  6397 | D:10     | Noticed a two-headed ogre
  6480 | D:11     | Noticed a two-headed ogre
  6480 | D:11     | Noticed a brown ugly thing
  6494 | D:11     | Killed a brown ugly thing
  6524 | D:11     | Killed a two-headed ogre
  6615 | D:12     | Noticed Azrael
  6626 | D:11     | Reached skill level 9 in Spellcasting
  6684 | D:11     | Noticed a cyan ugly thing
  6694 | D:11     | Killed a cyan ugly thing
  6788 | D:12     | Reached **** piety under Sif Muna
  6862 | D:13     | Noticed a gargoyle
  6893 | D:13     | Noticed a green ugly thing
  6894 | D:13     | Killed a gargoyle
  7055 | D:12     | Noticed a skeletal warrior
  7057 | D:12     | Noticed a skeletal warrior
  7063 | D:12     | Noticed a skeletal warrior
  7066 | D:12     | Killed a skeletal warrior
  7066 | D:12     | Reached skill level 5 in Air Magic
  7066 | D:12     | Reached skill level 1 in Invocations
  7068 | D:12     | Noticed a skeletal warrior
  7069 | D:12     | Killed a skeletal warrior
  7077 | D:12     | Killed a skeletal warrior
  7088 | D:12     | Killed a skeletal warrior
  7187 | D:12     | Noticed a skeletal warrior
  7429 | D:12     | Killed a skeletal warrior
  7429 | D:12     | Reached XP level 11. HP: 27/62 MP: 12/26
  7478 | D:13     | Killed a green ugly thing
  7579 | D:13     | Noticed a catoblepas
  7869 | D:14     | Noticed a two-headed ogre
  7876 | D:14     | Killed a two-headed ogre
  7876 | D:14     | Reached skill level 5 in Ice Magic
  7933 | D:14     | Got a crude mace
  7937 | D:14     | Identified the +5 mace of Cygurini {flame, Dex+3} (You
                  | found it on level 14 of the Dungeon)
  7940 | D:14     | Noticed Kirke
  7965 | D:14     | Noticed a lindwurm
  7965 | D:14     | Killed Kirke
  7982 | D:14     | Identified a scroll of acquirement
  7991 | D:14     | Learned a level 6 spell: Shadow Creatures
  8027 | D:14     | Noticed a sun demon
  8029 | D:14     | Noticed a sun demon
  8313 | D:14     | Noticed Louise
  8347 | D:14     | Killed Louise
  8347 | D:14     | Reached skill level 1 in Evocations
  8441 | D:14     | Noticed a deep elf mage
  8446 | D:14     | Killed a deep elf mage
  8451 | D:14     | Noticed a centaur warrior
  8461 | D:14     | Killed a centaur warrior
  8461 | D:14     | Reached skill level 10 in Spellcasting
  8511 | D:14     | Noticed a green ugly thing
  8511 | D:14     | Noticed a green ugly thing
  8514 | D:14     | Noticed a green ugly thing
  8517 | D:14     | Killed a green ugly thing
  8517 | D:14     | Killed a green ugly thing
  8523 | D:14     | Killed a brown ugly thing
  8540 | D:14     | Noticed a deep elf mage
  8551 | D:14     | Killed a deep elf mage
  8659 | D:14     | Noticed a skeletal warrior
  8659 | D:14     | Noticed a skeletal warrior
  8659 | D:14     | Noticed a skeletal warrior
  8659 | D:14     | Noticed a skeletal warrior
  8692 | D:14     | Killed a skeletal warrior
  8707 | D:14     | Killed a skeletal warrior
  8732 | D:14     | Killed a skeletal warrior
  8775 | D:14     | Killed a skeletal warrior
  8950 | D:15     | Entered Level 15 of the Dungeon
  9053 | D:15     | Noticed a vault guard
  9350 | D:13     | Killed a catoblepas
  9350 | D:13     | Reached XP level 12. HP: 38/68 MP: 10/28
  9471 | D:13     | Noticed a two-headed ogre
  9501 | D:13     | Killed a two-headed ogre
  9546 | D:13     | Noticed a centaur warrior
  9650 | D:15     | Found a staircase to the Depths.
  9650 | D:15     | Noticed a deep troll shaman
  9656 | D:15     | Killed a deep troll shaman
  9664 | D:15     | Identified the ring "Ophoeben" {rN+ Stlth+}
  9717 | D:15     | Noticed a vault guard
  9754 | D:15     | Killed a vault guard
  9774 | D:15     | Noticed a vault guard
  9879 | D:15     | Killed a vault guard
  9879 | D:15     | Reached skill level 5 in Fighting
  9905 | D:15     | Reached skill level 5 in Invocations
 10063 | D:15     | Noticed a frost giant
 10078 | D:15     | Killed a frost giant
 10078 | D:15     | Reached skill level 5 in Armour
 10184 | D:15     | Identified the ring of Ocutuxtu {*Tele rN+}
 10202 | D:15     | Reached skill level 10 in Summonings
 10219 | D:15     | Reached skill level 11 in Spellcasting
 10241 | D:15     | Found Xakeref's Jewellery Emporium.
 10241 | D:15     | Noticed a yaktaur captain
 10250 | D:15     | Killed a yaktaur captain
 10406 | D:15     | Noticed a yaktaur captain
 10418 | D:15     | Killed a yaktaur captain
 10463 | D:15     | Noticed a vault guard
 10470 | D:15     | Noticed a rakshasa
 10484 | D:15     | Killed a vault guard
 10496 | D:15     | Killed a rakshasa
 10572 | D:15     | Noticed a centaur warrior
 10572 | D:15     | Noticed a frost giant
 10581 | D:15     | Noticed a rakshasa
 10619 | D:15     | Killed a frost giant
 10642 | D:15     | Killed a centaur warrior
 10988 | D:15     | Noticed a fire dragon
 11003 | D:15     | Killed a fire dragon
 11144 | D:15     | Got an iridescent great sword
 11154 | D:15     | Found Iphaluamel's Food Emporium.
 11197 | D:15     | Reached ***** piety under Sif Muna
 11401 | D:15     | Received a gift from Sif Muna
 11409 | D:15     | Learned a level 5 spell: Summon Forest
 11514 | D:15     | Noticed a deep troll shaman
 11522 | D:15     | Killed a deep troll shaman
 11571 | D:15     | Found Hugiuffac's Assorted Antiques.
 11598 | D:15     | Noticed a rakshasa
 11605 | D:15     | Noticed a death knight
 11610 | D:15     | Killed a rakshasa
 11616 | D:15     | Reached XP level 13. HP: 41/73 MP: 17/30
 11678 | D:15     | Learned a level 3 spell: Regeneration
 12053 | D:15     | Got a warped tin ring
 12057 | D:15     | Identified the ring of Jealousy {rPois rC++ Dex-4 Stlth+}
                  | (You found it on level 15 of the Dungeon)
 12069 | D:15     | Got a scorched wooden ring
 12075 | D:15     | Identified the ring of Dojummej {Ice +Inv} (You found it on
                  | level 15 of the Dungeon)
 12163 | D:13     | Noticed an ironheart preserver
 12181 | D:13     | Killed an ironheart preserver
 12181 | D:13     | Reached skill level 12 in Spellcasting
 12197 | D:13     | Found a gate to the Vaults.
 12385 | D:12     | Killed Azrael
 12490 | D:12     | Noticed Josephine
 12508 | D:12     | Killed Josephine
 13022 | D:10     | Identified Sif Muna's Tome of Shifting Clay (Sif Muna
                  | gifted it to you on level 10 of the Dungeon)
 13022 | D:10     | Received a gift from Sif Muna
 13028 | D:10     | Noticed Erica
 13090 | D:10     | Killed Erica
 13308 | D:9      | Found an opulent altar of Gozag.
 13308 | D:9      | Found a staircase to the Orcish Mines.
 13359 | Orc:1    | Entered Level 1 of the Orcish Mines
 13359 | Orc:1    | Noticed Harold
 13363 | Orc:1    | Noticed Snorg
 13367 | Orc:1    | Noticed an orc warlord
 13401 | Orc:1    | Mangled by an orc warrior

Levels and vault maps discovered:
D:1:      sevenhm_arrival_forest_fort_large_1, layout_basic
D:2:      layout_basic, kennysheep_okawaru_gauntlet, tso_metal_star,
          minmay_pentomino_p2
D:3:      layout_loops_ring, fiery_altar_vehumet, uniq_sigmund
D:4:      layout_layer_cave, dancing_weapons_uskayaw, fedhas_altar_2,
          lemuel_zombie_altar_kikubaaqudgha, kennysheep_opposing_triangles,
          uniq_edmund
D:5:      layout_basic, first_ration, uniq_prince_ribbit1
D:6:      layout_basic, hangedman_ru_absence, trog_eyes_of_draining, minivault_5
D:7:      layout_cave_pools, minmay_temple_entry_wispy
D:8:      minmay_inner_zag, layout_loops_ring, serial_shops,
          nicolae_shop_crystal, basic_altar
D:9:      layout_big_octagon, lemuel_crystal_altar, marbit_many_paths,
          david_lair_generic, basic_altar, the_bakery, kennysheep_doodads,
          nicolae_gozag_seed_capital
D:10:     layout_roguey, special_room [special_room_bee],
          statue_in_the_mist_lemuel, uniq_erica
D:11:     layout_gridville, enter_bailey_3, hangedman_misty_isle
D:12:     layout_roguey, uniq_azrael, uniq_josephine
D:13:     layout_rooms, skrybe_vaults_entry_preservation
D:14:     layout_roguey, hangedman_abyss_or_decor_passed, uniq_louise,
          uniq_kirke
D:15:     hangedman_spin_cycle
Temple:   minmay_temple_bridge_abc
Orc:1:    layout_caves, serial_shops, shop, ebering_ghost_xom, uniq_harold,
          uniq_snorg, uniq_sonja

Skill      XL: |  1  2  3  4  5  6  7  8  9 10 11 12 13 |
---------------+----------------------------------------+-----
Fighting       | 1 2 3 4 5 |  5.9
Dodging        | 3 4 5 6 7 8 9 |  9.0
Summonings     | 5 6 7 8 9 10 11 | 11.2
Spellcasting   | 4 5 6 7 8 9 10 11 12 | 12.5
Polearms       | 1 2 |  2.6
Hexes          | 3 5 7 8 |  8.5
Air Magic      | 2 4 5 6 |  6.5
Maces & Flails | 1 2 |  2.4
Ice Magic      | 3 4 6 |  6.2
Armour         | 2 3 4 5 6 |  6.6
Invocations    | 2 4 6 7 |  7.6
Evocations     | 2 3 4 |  4.7
Stealth        | |  2.4

Action                   |  1- 3 |  4- 6 |  7- 9 | 10-12 | 13-15 || total
-------------------------+-------+-------+-------+-------+-------++-------
Melee: Club              |     2 |       |       |       |       ||     2
       Unarmed           |     1 |       |       |       |       ||     1
       Spear             |    16 |     2 |       |       |       ||    18
       Short sword       |       |     3 |       |       |       ||     3
       Flail             |       |     6 |    65 |    33 |    38 ||   142
       Staff             |       |       |       |     1 |       ||     1
 Cast: Summon Small Mamm |    30 |     1 |     4 |       |     2 ||    37
       Call Imp          |    22 |    28 |    48 |    13 |       ||   111
       Call Canine Famil |       |    29 |    50 |    42 |    22 ||   143
       Summon Guardian G |       |     9 |    33 |    73 |    18 ||   133
       Summon Lightning  |       |     1 |    16 |    64 |    19 ||   100
       Summon Ice Beast  |       |       |    10 |    37 |    18 ||    65
       Shadow Creatures  |       |       |       |    69 |    23 ||    92
       Summon Forest     |       |       |       |     1 |    12 ||    13
       Regeneration      |       |       |       |       |     3 ||     3
Invok: Channel Magic     |       |       |     2 |    14 |     6 ||    22
Evoke: Wand              |       |       |     2 |     4 |     1 ||     7
       Fan of gales      |       |       |       |     1 |     1 ||     2
  Use: Potion            |     2 |     2 |     5 |     7 |     3 ||    19
       Scroll            |       |     4 |     2 |    11 |     5 ||    22
 Stab: Sleeping          |     4 |     1 |     1 |       |     1 ||     7
       Invisible         |       |       |     2 |       |       ||     2
       Distracted        |       |       |     1 |     1 |       ||     2
  Eat: Chunk             |     1 |     8 |    14 |    37 |    12 ||    72
       Ration            |       |       |       |     3 |     1 ||     4
Armor: Robe              |     8 |     8 |    14 |       |       ||    30
       Skin              |       |     2 |       |       |       ||     2
       Ring mail         |       |       |    16 |       |       ||    16
       Steam dragon scal |       |       |     7 |    21 |       ||    28
       Troll leather arm |       |       |       |     7 |    38 ||    45
Dodge: Dodged            |    10 |    26 |    83 |    86 |    70 ||   275
Block: Other             |       |       |    30 |    23 |    20 ||    73
       Reflection        |       |       |     3 |     4 |     1 ||     8

Table legend:
 A = Non-vault XP
 B = Vault XP
 C = Vault XP percentage of total XP
 D = Non-vault monster count
 E = Vault monster count
 F = Vault count percentage of total count
                 A         B        C        D         E       F
            +---------+---------+-------+---------+---------+-------
      Total |   21875 |   30387 |  58.1 |     332 |     184 |  35.7
            +---------+---------+-------+---------+---------+-------
        D:1 |      14 |       2 |  12.5 |      14 |       2 |  12.5
        D:2 |      24 |      10 |  29.4 |      17 |       4 |  19.0
        D:3 |      70 |       0 |   0.0 |      12 |       0 |   0.0
        D:4 |      63 |      99 |  61.1 |       3 |       2 |  40.0
        D:5 |      86 |       0 |   0.0 |      13 |       0 |   0.0
        D:6 |     395 |     369 |  48.3 |      16 |       4 |  20.0
        D:7 |    1087 |       0 |   0.0 |      43 |       0 |   0.0
        D:8 |     265 |       0 |   0.0 |       7 |       0 |   0.0
        D:9 |     244 |       0 |   0.0 |       3 |       0 |   0.0
       D:10 |    1799 |    1344 |  42.8 |      45 |      25 |  35.7
       D:11 |    2285 |     583 |  20.3 |      35 |      11 |  23.9
       D:12 |    7135 |    2259 |  24.0 |      45 |      13 |  22.4
       D:13 |    1351 |    2560 |  65.5 |      18 |       9 |  33.3
       D:14 |    6406 |    2429 |  27.5 |      37 |       8 |  17.8
       D:15 |     108 |   18812 |  99.4 |       1 |      66 |  98.5
      Orc:1 |     543 |       0 |   0.0 |      23 |       0 |   0.0
     Bailey |       0 |    1920 | 100.0 |       0 |      40 | 100.0
            +---------+---------+-------+---------+---------+-------
